 Dungeon Crawl Stone Soup version 0.29-a0-1052-g6990b1bffc (webtiles) character file.

Game seed: 9659211304772856239

45 GreatBamboolord the Trooper (level 3, -1/31 HPs)
             Began as a Palentonga Fighter on Aug 17, 2022.
             Slain by a gnoll
             ... wielding a +0 flail
              (5 damage)
             ... on level 1 of the Dungeon.
             The game lasted 00:02:12 (1408 turns).

GreatBamboolord the Trooper (Palentonga Fighter)    Turns: 1408, Time: 00:02:12

Health: -1/31      AC:  6    Str: 23    XL:     3   Next: 42%
Magic:  3/3        EV:  7    Int:  8    God:
Gold:   42         SH:  4    Dex:  9    Spells: 2/2 levels left

rFire   . . .      SeeInvis +   i - +0 broad axe
rCold   . . .      Faith    .   c - +0 buckler
rNeg    . . .      Spirit   .   b - +0 scale mail
rPois   .          Reflect  .   (no helmet)
rElec   .          Harm     .   (no cloak)
rCorr   .          Rampage  .   (no gloves)
Will    .....                   (no barding)
Stlth   ..........              (no amulet)
HPRegen 0.10/turn               (no ring)
MPRegen 0.08/turn               (no ring)

@: no status effects
A: large, rugged brown scales 3, see invisible, deformed body, roll 1, armoured
tail
a: Rolling Charge


You were on level 1 of the Dungeon.
You visited 1 branch of the dungeon, and saw 2 of its levels.

You collected 42 gold pieces.

Inventory:

Hand Weapons
 a - a +0 war axe
 i - a +0 broad axe (weapon)
Armour
 b - a +0 scale mail (worn)
 c - a +0 buckler (worn)
Scrolls
 f - a scroll of identify {unknown}
 g - a scroll of teleportation {unknown}
 h - 3 scrolls of magic mapping {unknown}
 j - a scroll of amnesia {unknown}
Potions
 d - a potion of might
 e - a potion of heal wounds {unknown}
 k - a potion of curing {unknown}


   Skills:
 * Level 3.4 Fighting
 * Level 2.7 Axes
 * Level 2.7 Armour
 * Level 3.0 Shields


You had 2 spell levels left.
You didn't know any spells.
Your spell library was empty.

Dungeon Overview and Level Annotations

Branches:
Dungeon (2/15)

Altars:

Shops:
D:1 =


Innate Abilities, Weirdness & Mutations

You are completely covered in rugged brown scales. (AC +3, +7% HP)
You have supernaturally acute eyesight. (SInv)
Armour fits poorly on your strangely shaped body.
You can roll at nearby foes to attack.
You have a long armoured tail.


Message History

a +0 spear; a gnoll corpse
There is a stone staircase leading down here.
You start resting.
HP restored.
You climb downwards.
The ball python bites you.
The ball python bites you but does no damage.
There is a stone staircase leading up, spattered with blood here.
The ball python bites you but does no damage.
You climb upwards.
There is a stone staircase leading down here.
You closely miss the ball python.
Your tail-slap misses the ball python.
The ball python bites you. You block the ball python's attack.
You hit the ball python.
You kill the ball python!
You see here a ball python corpse.
There is a stone staircase leading down, spattered with blood here.
You see here a ball python corpse.
There is a stone staircase leading down, spattered with blood here.
You start resting.
HP restored.
You climb downwards.
You block the kobold's attack. The kobold hits you with a +0 dagger.
There is a stone staircase leading up, spattered with blood here.
You slash the kobold!
You kill the kobold!
The gnoll hits you with a +0 flail.
You climb upwards.
There is a stone staircase leading down, spattered with blood here.
You barely miss the gnoll. The gnoll hits you with a +0 flail. x2
You closely miss the gnoll. You tail-slap the gnoll.
The gnoll is moderately wounded.
The gnoll completely misses you.
You closely miss the gnoll.
The gnoll is moderately wounded.
The gnoll hits you with a +0 flail! x2
* * * LOW HITPOINT WARNING * * *
You closely miss the gnoll.
The gnoll is moderately wounded.
The gnoll hits you with a +0 flail.
You die...

.........# #.#
.........### #.#
...........# #.#
...........#########.#
.###.##......∩#......#
.###.##....##.#.#..###
..##.##....##...#..####
..##.##....###.)#.....#
..##.##....# ##g@...#.#
..##.##....# #.###.#.#
.....##....####.# #.#.#
###...........#.###.#.#
.......######.#.....#.#
.......######.#####.#.#
.......#.......# #.#.#
.......#.####..# #.#.#
....#..#.####..# #.#.#


You could see a gnoll.

Vanquished Creatures
  A gnoll (D:1)
  An adder (D:2)
  2 bats
  2 endoplasms (D:1)
  A giant cockroach (D:1)
  4 hobgoblins (D:1)
  A quokka (D:1)
  6 ball pythons
  A frilled lizard (D:1)
  5 kobolds
  2 rats (D:1)
26 creatures vanquished.

Vanquished Creatures (others)
  A plant (D:2)
1 creature vanquished.

Grand Total: 27 creatures vanquished

Notes
Turn   | Place    | Note
-------+----------+-------------------------------------------
     0 | D:1      | GreatBamboolord the Palentonga Fighter began the quest for
                  | the Orb.
     0 | D:1      | Reached XP level 1. HP: 19/19 MP: 1/1
    23 | D:1      | Found a faded altar of an unknown god.
   124 | D:1      | Found Umaem's Jewellery Shop.
   297 | D:1      | Reached XP level 2. HP: 25/25 MP: 2/2
   923 | D:2      | Reached XP level 3. HP: 31/31 MP: 3/3
  1408 | D:1      | Slain by a gnoll

Illustrated notes

Levels and vault maps discovered:
D:1:      dpeg_arrival_arbitrary_b, layout_basic, serial_shops, shop,
          nicolae_ecumenical_snake_handling, minmay_pentomino_q2
D:2:      layout_loops_ring, chequers_big_river, hangedman_decor_peaks_small

Skill      XL: |  1  2 |
---------------+-------+-----
Shields        | 3 |  3.0
Fighting       | |  3.4
Axes           | |  2.7
Armour         | |  2.7

Action                   || total
-------------------------++-------
Melee: War axe           ||    30
       Tailslap          ||     5
       Broad axe         ||    26
 Abil: Rolling Charge    ||    19
Armor: Scale mail        ||    19
Dodge: Dodged            ||    16
Block: Buckler           ||    16

Table legend: (Time is in decaauts)
 A = Elapsed time spent in this place.
 B = Non-inter-level travel time spent in this place.
 C = Inter-level travel time spent in this place.
 D = Time resting spent in this place.
 E = Time spent auto-exploring this place.
 F = Levels seen in this place.
 G = Mean time per level.
                   A        B        C        D        E       F      G
               +--------+--------+--------+--------+--------+-----+--------+
         Total |   1438 |   1372 |     66 |    416 |    784 |   2 |  719.0 |
       Dungeon |   1438 |   1372 |     66 |    416 |    784 |   2 |  719.0 |
               +--------+--------+--------+--------+--------+-----+--------+

Top non-repeatable levels by time:
     D:1: 1367 daAuts
     D:2: 71 daAuts
